 Dungeon Crawl Stone Soup version 0.32-a0-42-ga30500b4d3 (webtiles) character file.

Game seed: 4184738733923067729

148 Ambrosia the Ducker (level 5, 0/45 HPs)
             Began as a Minotaur Gladiator on Feb 2, 2024.
             Was a Believer of Uskayaw.
             Slain by a black bear (5 damage)
             ... on level 4 of the Dungeon.
             The game lasted 00:03:32 (2373 turns).

Ambrosia the Ducker (Minotaur Gladiator)            Turns: 2373, Time: 00:03:32

Health: 0/45       AC:  4    Str: 20    XL:     5   Next: 8%
Magic:  1/4        EV: 18    Int: 11    God:    Uskayaw [**....]
Gold:   195        SH:  0    Dex: 12    Spells: 4/4 levels left

rFire   . . .        a - +0 quarterstaff
rCold   . . .        (shield currently unavailable)
rNeg    . . .        b - +0 leather armour
rPois   .            c - +0 hat
rElec   .            f - scarf {repulsion}
rCorr   .            (no gloves)
SInv    .            h - +0 pair of boots
Will    .....        (no amulet)
Stlth   +            j - +6 ring of intelligence
HPRegen 0.27/turn    l - +5 ring of evasion
MPRegen 0.09/turn

%: repel missiles
@: no status effects
A: horns 2, retaliatory headbutt
a: Renounce Religion, Stomp, Line Pass


You were on level 4 of the Dungeon.
You worshipped Uskayaw.
Uskayaw was noncommittal.
You visited 1 branch of the dungeon, and saw 4 of its levels.

You collected 195 gold pieces.

Inventory:

Hand Weapons
 a - a +0 quarterstaff (weapon)
Missiles
 d - 4 throwing nets {=f, !d}
 e - a javelin
Armour
 b - a +0 leather armour (worn)
 c - a +0 hat (worn)
 f - a scarf of repulsion (worn)
   (You found it on level 3 of the Dungeon)
 h - a +0 pair of boots (worn)
   (You found it on level 1 of the Dungeon)
Jewellery
 j - a +6 ring of intelligence (left hand)
   (You found it on level 1 of the Dungeon)
 l - a +5 ring of evasion (right hand)
   (You found it on level 2 of the Dungeon)
Scrolls
 g - 2 scrolls of revelation
 m - a scroll of teleportation {!r!d, @r3}
 o - a scroll of amnesia
Potions
 i - a potion of degeneration {unknown}
 k - 2 potions of curing {@q1, !d}
 n - a potion of heal wounds {@q2, !d}


   Skills:
 + Level 3.3 Fighting
 + Level 4.2 Staves
 - Level 2.0 Throwing
 + Level 3.3 Armour
 * Level 4.5 Dodging
 * Level 0.0 Invocations


You had 4 spell levels left.
You didn't know any spells.
Your spell library contained the following spells:

 Spells                   Type           Power      Damage    Failure   Level
 Magic Dart               Conj           0%         1d3       38%         1
 Summon Small Mammal      Summ           0%         N/A       38%         1
 Blink                    Tloc           0%         N/A       52%         2
 Call Imp                 Summ           0%         N/A       52%         2
 Sublimation of Blood     Necr           0%         N/A       52%         2
 Call Canine Familiar     Summ           0%         N/A       77%         3
 Summon Blazeheart Golem  Fire/Summ      0%         N/A       99%         4
 Summon Hydra             Summ           0%         N/A       100%        7


Dungeon Overview and Level Annotations

Branches:
Dungeon (4/15) Zot: 21614
 Temple: D:4-7

Altars:
Okawaru
Sif Muna
Uskayaw

Shops:
D:1 =

Annotations:
D:3 1 runed translucent door, Azoth's ghost, amateur DEHu


Innate Abilities, Weirdness & Mutations

You have a pair of horns on your head.
You reflexively headbutt those who attack you in melee.


Message History

You furiously retaliate!
You headbutt the ball python!
You kill the ball python!
No target in view!
No target in view!
There is a stone staircase leading down here.
An endoplasm comes into view.
Health restored: 38 A bombardier beetle comes into view.
An adder comes into view.
The endoplasm quivers.
The adder hisses angrily.
You completely miss the bombardier beetle.
You hit the bombardier beetle.
The endoplasm hits you but does no damage.
The bombardier beetle misses you.
You hit the bombardier beetle. The endoplasm misses you.
The endoplasm hits you but does no damage.
You hit the bombardier beetle but do no damage.
The bombardier beetle sprays incendiary fluid at you.
The burning spray is repelled.
The endoplasm freezes you.
You are frozen.
You take 1 damage, and have 37/38 hp.
You sock the bombardier beetle! You headbutt the bombardier beetle.
You kill the bombardier beetle!
The endoplasm hits you.
You can now pass through a line of other dancers.
Your Armour skill increases to level 3!
You have reached level 5!
You regained 6 hp, and now have 43/45 hp.
MP restored: 4 You sock the adder!
The adder misses you. You furiously retaliate!
You headbutt the adder!
You kill the adder!
The endoplasm barely misses you.
You completely miss the endoplasm. The endoplasm hits you.
You take 1 damage, and have 42/45 hp.
You hit the endoplasm. The endoplasm freezes you.
You are frozen.
Uskayaw will force your foes to helplessly watch your dance.
Uskayaw prepares the audience for your solo!
You take 5 damage, and have 37/45 hp.
The helpless endoplasm fails to defend itself.
You sock the endoplasm!
You kill the endoplasm!
No target in view!
A black bear comes into view.
Health restored: 45
Okay, then.
You see here a scroll of identify {@r1}.
p - a scroll of identify {@r1} The black bear growls angrily.
As you read the scroll of identify {@r1}, it crumbles to dust.
n - a potion of heal wounds An iguana comes into view.
The iguana hisses angrily.
Okay, then.
You stomp with the beat, sending a shockwave through the revellers around you!
You can no longer stomp with the beat.
The black bear bites you. The black bear closely misses you. x2
You take 5 damage, and have 40/45 hp.
You now have 1/4 mp.
Unknown command.
You hit the black bear. Your headbutt misses the black bear.
The black bear closely misses you. x2; The black bear barely misses you.
Hit: a) +0 quarterstaff
Press: ? - help, Dir - move target, f - black bear
Aim: a black bear (moderately wounded, about 31% to evade your +0 quarterstaff)
You barely miss the black bear. You headbutt the black bear!
The black bear bites you! The black bear claws you.
The black bear barely misses you.
You can now stomp with the beat.
You take 9 damage, and have 31/45 hp.
Hit: a) +0 quarterstaff
Press: ? - help, Dir - move target, f/p - black bear
Aim: a black bear (severely wounded, about 31% to evade your +0 quarterstaff)
You hit the black bear.
The black bear goes berserk!
The iguana bites you!
You can now pass through a line of other dancers.
You take 9 damage, and have 22/45 hp.
Hit: a) +0 quarterstaff
Press: ? - help, Dir - move target, f/p - black bear
Aim: a black bear (almost dead, berserk, about 31% to evade your +0 quarterstaff)
You hit the black bear. Your headbutt misses the black bear.
The black bear completely misses you. The black bear claws you.
The black bear claws you but does no damage.
The iguana misses you. The black bear bites you. The black bear misses you.
The black bear claws you.
You take 8 damage, and have 14/45 hp.
Hit: a) +0 quarterstaff
Press: ? - help, Dir - move target, f/p - black bear
Aim: a black bear (almost dead, berserk, about 31% to evade your +0 quarterstaff)
You barely miss the black bear. The black bear closely misses you.
The black bear claws you but does no damage.
The black bear claws you.
* * * LOW HITPOINT WARNING * * *
The iguana barely misses you. The black bear barely misses you.
The black bear claws you.
* * * LOW HITPOINT WARNING * * *
The black bear claws you.
You die...

.# .# ### #####.# ....
##.....##.... #######
#............ ......#
#............ ......#
####.....h......
......###.......@l......
.#######..###...........
...## ##.## #.......####
##..###..# #########
###...#.## ......>.#
######### .....# .....#


You could see a black bear (berserk) and an iguana.

Vanquished Creatures
  A bombardier beetle (D:4)
  4 adders (D:2 D:3 D:4)
  5 dart slugs (D:1 D:2 D:3)
  A ribbon worm (D:2)
  3 orcs (D:3 D:4)
  3 endoplasms (D:1 D:4)
  3 giant cockroaches (D:1 D:4)
  6 goblins (D:1 D:2)
  4 hobgoblins (D:1 D:2 D:4)
  4 jackals (D:1)
  4 quokkas (D:1 D:2)
  12 ball pythons (D:1 D:2 D:3 D:4)
  A bat (D:1)
  5 frilled lizards (D:1 D:2)
  7 kobolds (D:1 D:2 D:3)
  5 rats (D:1 D:2 D:3)
68 creatures vanquished.

Notes
Turn   | Place    | Note
-------+----------+-------------------------------------------
     0 | D:1      | Ambrosia the Minotaur Gladiator began the quest for the
                  | Orb.
     0 | D:1      | Reached XP level 1. HP: 18/18 MP: 0/0
   197 | D:1      | HP: 9/18 [quokka (2)]
   202 | D:1      | Reached skill level 1 in Armour
   202 | D:1      | Reached XP level 2. HP: 15/25 MP: 1/1
   514 | D:1      | Reached XP level 3. HP: 27/30 MP: 2/2
   542 | D:1      | Found Vatunyaf's Jewellery Boutique.
   659 | D:1      | Reached skill level 2 in Armour
   901 | D:2      | Reached skill level 4 in Staves
   966 | D:2      | Reached skill level 3 in Fighting
   966 | D:2      | Reached skill level 4 in Dodging
  1167 | D:2      | Reached XP level 4. HP: 38/38 MP: 3/3
  1738 | D:3      | Found a runed translucent door.
  1738 | D:3      | Noticed Azoth's ghost (amateur DEHu)
  1800 | D:3      | Found a hide-covered altar of Uskayaw.
  1888 | D:3      | Found a shimmering blue altar of Sif Muna.
  2143 | D:3      | Became a worshipper of Uskayaw the Reveller
  2206 | D:4      | Found an iron altar of Okawaru.
  2218 | D:4      | Reached * piety under Uskayaw
  2327 | D:4      | Reached ** piety under Uskayaw
  2328 | D:4      | Reached skill level 3 in Armour
  2328 | D:4      | Reached XP level 5. HP: 43/45 MP: 4/4
  2330 | D:4      | Reached *** piety under Uskayaw
  2362 | D:4      | Noticed a black bear
  2371 | D:4      | HP: 22/45 [iguana (9)]
  2373 | D:4      | HP: 9/45 [black bear (6)]
  2373 | D:4      | Slain by a black bear

Illustrated notes

Levels and vault maps discovered:
D:1:      ebering_trefoil_twist, layout_loops_ring, serial_shops, shop,
          nicolae_figureground_sparkle
D:2:      layout_basic, minivault_27
D:3:      layout_rooms, mainiacjoe_overflow_24_doors,
          mainiacjoe_overflow_tiny_flanked, ebering_ghost_inner_flame
D:4:      layout_basic, mainiacjoe_overflow_cross_hatched,
          gammafunk_temple_overflow_elements, glass_columns_a

Skill      XL: |  1  2  3  4 |
---------------+-------------+-----
Armour         | 1 2 3 |  3.3
Staves         | 4 |  4.2
Fighting       | 3 |  3.3
Dodging        | 4 |  4.5
Throwing       | |  2.0

Action                     |  1- 3 |  4- 6 || total
---------------------------+-------+-------++-------
  Melee: Quarterstaff      |    89 |    43 ||   132
         Headbutt          |    12 |    10 ||    22
  Throw: Throwing net      |     3 |       ||     3
 Invoke: Stomp             |       |     1 ||     1
    Use: Scroll            |     2 |     5 ||     7
   Stab: Paralysed         |       |     1 ||     1
 Armour: Leather armour    |    55 |    23 ||    78
  Dodge: Dodged            |    55 |    38 ||    93
         Repelled          |       |     1 ||     1

Table legend: (Time is in decaauts)
 A = Elapsed time spent in this place.
 B = Non-inter-level travel time spent in this place.
 C = Inter-level travel time spent in this place.
 D = Time resting spent in this place.
 E = Time spent auto-exploring this place.
 F = Levels seen in this place.
 G = Mean time per level.
                   A        B        C        D        E       F      G
               +--------+--------+--------+--------+--------+-----+--------+
         Total |   2384 |   2307 |     77 |     21 |   1881 |   4 |  596.0 |
       Dungeon |   2384 |   2307 |     77 |     21 |   1881 |   4 |  596.0 |
               +--------+--------+--------+--------+--------+-----+--------+

Top non-repeatable levels by time:
     D:1: 849 daAuts
     D:3: 777 daAuts
     D:2: 562 daAuts
     D:4: 195 daAuts

Levels and vault maps discovered:
D:1:      ebering_trefoil_twist, layout_loops_ring, serial_shops, shop,
          nicolae_figureground_sparkle
D:2:      layout_basic, minivault_27
D:3:      layout_rooms, mainiacjoe_overflow_24_doors,
          mainiacjoe_overflow_tiny_flanked, ebering_ghost_inner_flame
D:4:      layout_basic, mainiacjoe_overflow_cross_hatched,
          gammafunk_temple_overflow_elements, glass_columns_a

Table legend: (Time is in decaauts)
 A = Elapsed time spent in this place.
 B = Non-inter-level travel time spent in this place.
 C = Inter-level travel time spent in this place.
 D = Time resting spent in this place.
 E = Time spent auto-exploring this place.
 F = Levels seen in this place.
 G = Mean time per level.
                   A        B        C        D        E       F      G
               +--------+--------+--------+--------+--------+-----+--------+
         Total |   2384 |   2307 |     77 |     21 |   1881 |   4 |  596.0 |
       Dungeon |   2384 |   2307 |     77 |     21 |   1881 |   4 |  596.0 |
               +--------+--------+--------+--------+--------+-----+--------+

Top non-repeatable levels by time:
     D:1: 849 daAuts
     D:3: 777 daAuts
     D:2: 562 daAuts
     D:4: 195 daAuts

Table legend:
 A = Kills in this place as a percentage of kills in the entire game.
 B = Kills by you in this place as a percentage of kills by you in the entire game.
 C = Kills by friends in this place as a percentage of kills by friends in the entire game.
 D = Other kills in this place as a percentage of other kills in the entire game.
 E = Experience gained in this place as a percentage of experience gained in the entire game.
 F = Experience gained in this place divided by the number of levels of this place that you have seen.
                   A       B       C       D       E      F
               +-------+-------+-------+-------+-------+----------------------
         Total | 100.0 | 100.0 |   N/A |   N/A | 100.0 |  53.0
       Dungeon | 100.0 | 100.0 |   N/A |   N/A | 100.0 |  53.0
               +-------+-------+-------+-------+-------+----------------------
